Map: Lightshade LE

Players

DPGZest (Zest)

  • Race: Protoss Protoss

Reynor - Winner!

  • Race: Zerg Zerg

Event: DreamHack SC2 Masters 2021 Summer

VOD

Have the link to the VOD?

Description

Time

  • Played on: July 1, 2021, 2:09 p.m.
  • Length: 12:00

All games in this series

Show
View Real Time Build Order
Export as new Build Order

DPGZest Protoss 

Build Orders: 1 Gate Expand, Zealot Archon, Archon Drop, Dark Templar Rush 

Get SALT Encoding   

  12  0:00  Probe  
  13  0:12  Probe  
  14  0:20  Pylon  
  14  0:24  Probe  
  15  0:38  Probe (Chrono Boost)  
  15  0:40  Gateway  
  16  0:47  Probe (Chrono Boost)  
  16  0:49  Assimilator  
  17  0:52  Probe  
  18  1:04  Probe  
  19  1:16  Probe  
  20  1:25  Nexus  
  20  1:35  Cybernetics Core  
  20  1:37  Probe  
  21  1:43  Assimilator  
  21  1:49  Probe  
  21  1:52  Pylon  
  22  2:01  Probe (Chrono Boost)  
  23  2:11  Adept  
  23  2:12  Probe (Chrono Boost)  
  26  2:17  Probe (Chrono Boost)  
  26  2:19  Warp Gate  
  26  2:21  Twilight Council  
  27  2:28  Probe  
  28  2:37  Probe (Chrono Boost)  
  28  2:41  Stalker  
  32  2:44  Probe (Chrono Boost)  
  32  2:49  Probe (Chrono Boost)  
  33  2:54  Probe (Chrono Boost), Robotics Facility  
  33  2:55  Probe (Chrono Boost)  
  35  3:04  Probe  
  36  3:05  Probe  
  36  3:08  Gateway  
  37  3:16  Probe  
  37  3:18  Probe, Dark Shrine  
  39  3:31  Charge (Chrono Boost)  
  39  3:32  Gateway  
  40  3:37  Warp Prism (Chrono Boost)  
  41  3:45  Pylon  
  41  4:00  Gateway  
  41  4:01  Gateway x2  
  41  4:06  Gateway  
  41  4:11  Gateway  
  41  4:17  Pylon  
  41  4:21  Pylon  
  41  4:33  Dark Templar x2  
  41  4:36  Pylon  
  45  4:44  Pylon  
  45  4:57  Archon  
  45  5:00  Zealot x2  
  45  5:01  Zealot  
  45  5:02  Zealot  
  45  5:03  Dark Templar  
  45  5:05  Pylon  
  55  5:07  Dark Templar  
  55  5:11  Archon  
  55  5:12  Zealot x2  
  61  5:16  Pylon  
  61  5:18  Pylon  
  61  5:29  Zealot x4  
  61  5:33  Zealot  
  53  5:58  Zealot x4  
  53  5:59  Zealot x3  
  51  6:31  Zealot x8  
  65  6:42  Pylon  
  65  6:48  Dark Templar x2  
  65  6:49  Dark Templar x2  
  65  6:53  Archon x2  
  73  7:03  Observer (Chrono Boost)  
  74  7:09  Zealot  
  76  7:26  Zealot x7  
  88  7:36  Robotics Bay  
  86  7:44  Observer  
  84  7:54  Probe x2  
  84  7:56  Assimilator  
  86  7:58  Assimilator  
  86  8:04  Zealot  
  88  8:18  Probe x2  
  90  8:22  Disruptor (Chrono Boost), Pylon  
  90  8:24  Gravitic Drive (Chrono Boost)  
  93  8:51  Disruptor (Chrono Boost)  
  96  8:59  Stalker  
  96  9:00  Stalker x5  
  108  9:14  Pylon  
  108  9:17  Disruptor (Chrono Boost)  
  108  9:22  Nexus  
  108  9:23  Pylon  
  111  9:31  Pylon  
  111  9:43  Disruptor (Chrono Boost)  
  111  9:44  Stalker x4  
  122  9:50  Shield Battery  
  122  9:52  Pylon  
  122  10:00  Stalker  
  124  10:07  Stalker x4  
  124  10:08  Zealot  
  134  10:26  Zealot x3  
  140  10:31  Stalker x2  
  144  10:50  Stalker x4  
  133  11:16  Stalker x5  
  111  11:28  Dark Templar x2  
  74  11:41  Zealot x4  
Show
View Real Time Build Order
Export as new Build Order

Reynor Zerg - Winner!

Build Orders: Hatch First 

Get SALT Encoding   

  12  0:00  Drone  
  13  0:12  Overlord  
  13  0:16  Drone  
  14  0:31  Drone x2  
  16  0:48  Hatchery  
  15  0:50  Drone  
  15  0:54  Drone  
  17  0:57  Drone  
  18  1:08  Extractor  
  17  1:12  Spawning Pool  
  17  1:17  Drone  
  17  1:19  Drone  
  18  1:28  Drone  
  19  1:38  Drone  
  20  1:49  Overlord  
  20  2:01  Drone x2  
  20  2:02  Queen x2  
  26  2:11  Drone x2  
  26  2:14  Metabolic Boost  
  28  2:22  Drone x2  
  30  2:34  Hatchery  
  30  2:36  Drone  
  30  2:38  Drone  
  31  2:44  Queen  
  31  2:48  Overlord  
  31  2:51  Drone  
  34  2:53  Drone  
  34  2:55  Zergling x2  
  36  3:04  Overlord  
  36  3:07  Drone  
  36  3:10  Drone x2  
  36  3:11  Drone  
  36  3:12  Queen  
  42  3:16  Overlord  
  42  3:19  Zergling x2  
  43  3:27  Overlord  
  43  3:31  Drone  
  43  3:34  Queen  
  44  3:40  Zergling x4  
  48  3:46  Queen  
  48  3:47  Drone x2  
  52  3:49  Drone  
  52  3:51  Roach Warren  
  52  3:57  Drone x4  
  52  4:00  Zergling x2  
  57  4:04  Overlord  
  57  4:10  Zergling x4  
  57  4:16  Spore Crawler, Overlord  
  57  4:17  Spore Crawler  
  57  4:20  Drone x3, Spore Crawler  
  59  4:24  Overlord  
  59  4:29  Lair  
  59  4:34  Drone x4  
  59  4:36  Overlord  
  63  4:39  Drone  
  64  4:45  Overlord  
  64  4:49  Drone x4  
  64  4:50  Drone  
  67  4:53  Extractor  
  67  4:57  Evolution Chamber  
  67  4:59  Roach x3  
  71  5:00  Roach  
  71  5:03  Roach  
  71  5:05  Drone  
  76  5:07  Drone x3  
  76  5:11  Drone x3  
  84  5:14  Roach  
  84  5:15  Overlord  
  84  5:20  Roach  
  86  5:22  Overlord  
  85  5:28  Drone  
  85  5:31  Zergling x8, Roach x2  
  85  5:33  Queen  
  87  5:37  Roach  
  87  5:42  Roach  
  88  5:44  Zergling x2, Roach  
  88  5:46  Zergling x4  
  88  5:49  Roach  
  89  5:50  Zergling x2  
  89  5:52  Extractor  
  89  5:53  Extractor  
  89  5:54  Roach  
  76  5:58  Zergling x4  
  76  6:03  Roach  
  70  6:14  Drone x3  
  76  6:19  Overlord  
  76  6:24  Queen  
  78  6:28  Queen  
  75  6:34  Hatchery  
  74  6:42  Drone x3  
  74  6:43  Drone  
  74  6:45  Drone  
  79  6:47  Roach  
  79  6:50  Roach  
  83  6:54  Evolution Chamber, Roach x2  
  83  6:55  Evolution Chamber  
  83  6:56  Ravager  
  83  6:57  Ravager  
  83  6:58  Evolution Chamber  
  83  6:59  Roach  
  88  7:03  Roach  
  88  7:07  Zerg Missile Weapons Level 1  
  91  7:09  Roach  
  91  7:12  Glial Reconstitution  
  91  7:13  Hatchery  
  92  7:16  Roach  
  92  7:18  Overlord  
  92  7:21  Roach  
  96  7:29  Overlord  
  94  7:32  Roach x2  
  98  7:38  Evolution Chamber x2  
  98  7:40  Roach  
  98  7:41  Roach x3  
  98  7:43  Overlord  
  106  7:47  Queen  
  106  7:49  Roach  
  109  7:52  Roach  
  109  7:55  Roach x2  
  115  8:04  Overlord  
  115  8:08  Roach  
  115  8:11  Roach  
  119  8:13  Ravager x3  
  119  8:17  Roach  
  119  8:19  Overlord  
  124  8:24  Roach x2  
  124  8:26  Roach x2  
  132  8:30  Roach  
  132  8:32  Ravager x2  
  136  8:36  Overlord  
  136  8:40  Roach  
  137  8:44  Overlord  
  137  8:53  Overlord  
  137  8:55  Roach x2  
  141  8:58  Hatchery  
  141  9:02  Zerg Missile Weapons Level 2  
  142  9:08  Overlord  
  140  9:12  Roach x3  
  140  9:17  Roach  
  148  9:20  Roach  
  148  9:22  Overseer  
  148  9:24  Overlord  
  148  9:28  Roach  
  148  9:31  Roach  
  152  9:37  Ravager  
  153  9:43  Roach x3  
  159  9:47  Roach  
  161  9:54  Roach  
  161  9:57  Overlord  
  163  10:10  Roach x3  
  163  10:11  Overlord  
  163  10:14  Drone  
  170  10:16  Overlord  
  170  10:20  Overlord  
  170  10:29  Overlord  
  170  10:32  Roach x4  
  178  10:36  Ravager x5  
  178  10:37  Roach  
  178  10:42  Overseer  
  183  10:47  Roach  
  183  10:48  Zergling x8, Roach  
  181  10:55  Roach x3  
  168  11:05  Roach x3  
  168  11:06  Roach x2  
  171  11:15  Roach x4  
  149  11:21  Roach x5  
  149  11:25  Roach  
  153  11:28  Roach  
  153  11:31  Roach x3  
  138  11:36  Roach x2  
  138  11:38  Roach  
  118  11:41  Overseer  
Tags
 
Add a new tag
Caveats
  • Supply blocks, unpowered buildings, or Contaminate may cause inaccurate times.
  • Supply counts are checked every 10 seconds.